 Dungeon Sprint DCSS version 0.27.1-2-g3b301248ec (webtiles) character file.

Game seed: 8387529642451813073

2627 Mesmaeker13 the Imperceptible (level 9, 0/39 HPs)
             Began as a Spriggan Enchanter on Sept 26, 2021.
             Was a Believer of Dithmenos.
             Slain by a demonic crawler (3 damage)
             ... in the Dungeon (Sprint I: "Red Sonja").
             The game lasted 00:06:46 (361 turns).

Mesmaeker13 the Imperceptible (Spriggan Enchanter)   Turns: 361, Time: 00:06:47

Health: 0/39       AC:  2    Str:  4    XL:     9   Next: 35%
Magic:  17/24      EV: 17    Int: 17    God:    Dithmenos [**....]
Gold:   621        SH:  0    Dex: 18    Spells: 19/28 levels left

rFire    . . .     SeeInvis +   i - +0 short sword (drain)
rCold    . . .     Faith    .   (shield restricted)
rNeg     . . .     Spirit   .   b - +0 robe
rPois    .         Reflect  .   (helmet restricted)
rElec    .         Harm     .   (no cloak)
rCorr    .         Rampage  .   (gloves unavailable)
Will     +....     NoTele   +   (boots unavailable)
Stlth    ++++++++++             (no amulet)
HPRegen  0.13/turn              (no ring)
MPRegen  0.19/turn              (no ring)

@: confusing by touch, wreathed by umbra, very quick
A: very small, no large weapons, unfitting armour, see invisible, speed 3
a: Renounce Religion, Shadow Step


You were in the Dungeon.
You worshipped Dithmenos.
Dithmenos was pleased with you.
You visited 1 branch You collected 621 gold pieces.

Inventory:

Hand Weapons
 a - a +1 dagger
 i - a +0 short sword of draining (weapon)
Missiles
 j - 2 curare-tipped darts
Armour
 b - a +0 robe (worn)
 l - a +0 troll leather armour
Scrolls
 h - a scroll of blinking
 k - a scroll of torment {unknown}
Potions
 c - a potion of curing
 d - a potion of heal wounds
 e - a potion of haste
 f - 2 potions of magic
 g - a potion of attraction {unknown}


   Skills:
 - Level 8.5 Short Blades
 - Level 2.6 Dodging
 * Level 21.8 Stealth
 + Level 10.0 Spellcasting
 + Level 12.0 Hexes
 + Level 1.9 Invocations


You had 19 spell levels left.
You knew the following spells:

 Your Spells              Type           Power      Damage    Failure   Level
a - Corona                Hex            54%        N/A       1%          1
b - Ensorcelled Hibernat  Hex/Ice        56%        N/A       1%          2
c - Confusing Touch       Hex            49%        N/A       1%          3
d - Tukima's Dance        Hex            49%        N/A       1%          3

Your spell library contained the following spells:

 Spells                   Type           Power      Damage    Failure   Level
 Dazzling Flash           Conj/Hex       56%        N/A       2%          3


Dungeon Overview and Level Annotations

Branches:
Dungeon (1/1)

Altars:
Cheibriados
Dithmenos
Elyvilon
Fedhas
Gozag
Hepliaklqana
Kikubaaqudgha
Makhleb
Nemelex Xobeh
Okawaru
Qazlal
Ru
Sif Muna
Trog
Uskayaw
Vehumet
Wu Jian
Xom
Yredelemnul
Zin
The Shining One
Jiyva
Lugonu

Shops:
D :


Innate Abilities, Weirdness & Mutations

You are very small and have problems with some larger weapons.
You are too small for most types of armour.
You have supernaturally acute eyesight. (SInv)
You cover ground extremely quickly. (Speed+++)


Message History

Aim: a demonic crawler (umbra, chance to affect: 17%)
The demonic crawler is outlined in light.
Unknown command.
Casting: Corona (safe; 1% risk of failure)
Confirm with . or Enter, or press ? or * to list all spells.
Okay, then.
Casting: Corona (safe; 1% risk of failure)
Confirm with . or Enter, or press ? or * to list all spells.
Your hands begin to glow red.
The demonic crawler hits you. The demonic crawler hits you!
The demonic crawler barely misses you. The demonic crawler hits you!
The demonic crawler misses you.
The demonic crawler completely misses you.
Unknown command.
Casting: Confusing Touch (safe; 1% risk of failure)
Confirm with . or Enter, or press ? or * to list all spells.
Your hands begin to glow brighter.
Unknown command.
The demonic crawler hits you!
* * * LOW HITPOINT WARNING * * *
The demonic crawler hits you.
* * * LOW HITPOINT WARNING * * *
The demonic crawler closely misses you.
There is an open door here.
You aren't carrying any items that you can evoke.
Unknown command.
Aiming: Corona (safe; 1% risk of failure)
Press: ? - help, Q - select action, (/) - cycle Shift-Dir - straight line, f - demonic crawler, p - demonic crawler
Aim: a demonic crawler (chance to confuse on hit: 11%, chance to affect: 17%)
The demonic crawler glows brighter.
The demonic crawler hits you.
* * * LOW HITPOINT WARNING * * *
The demonic crawler barely misses you. The demonic crawler misses you.
There is an open door here.
You hit the demonic crawler but do no damage.
You hit the demonic crawler but do no damage.
The demonic crawler hits you.
* * * LOW HITPOINT WARNING * * *
The demonic crawler hits you but does no damage.
The demonic crawler hits you.
You die...

##########################
#<.#.)'..#.)'..#s_#..'..)#
#..'..#.)'..#..@s.s..#...##+#
#..#####'#####'#__####)..'..#
#..####..#...#)#### #####..+
#..#__####..##)# +##
#..#_____##'#_.+
#⌠⌠#_.∩..†'..._#
####_..__##_.#'#
#_____###'#.#
#########.####+###


You could see 3 demonic crawlers.

Vanquished Creatures
  Sonja (D)
  A deep troll (D)
  2 kobold demonologists (D)
  A demonic crawler (D)
  A slime creature (D)
  Sigmund (D)
  A yak (D)
  A floating eye (D)
  An ogre (D)
  A jelly (D)
  Ijyb (D)
12 creatures vanquished.

Notes
Turn   | Place    | Note
-------+----------+-------------------------------------------
     0 | D        | Mesmaeker13 the Spriggan Enchanter began the quest for the
                  | Orb.
     0 | D        | Reached XP level 1. HP: 9/9 MP: 5/5
     1 | D        | Noticed Ijyb
     6 | D        | Killed Ijyb
     7 | D        | Reached skill level 10 in Stealth
     7 | D        | Reached XP level 2. HP: 10/13 MP: 6/6
   139 | D        | Learned a level 2 spell: Ensorcelled Hibernation
   140 | D        | Noticed an ogre
   142 | D        | Killed an ogre
   143 | D        | Reached skill level 14 in Stealth
   143 | D        | Reached XP level 3. HP: 16/16 MP: 8/8
   143 | D        | Reached XP level 4. HP: 21/21 MP: 9/9
   152 | D        | Noticed Sigmund
   155 | D        | Killed Sigmund
   156 | D        | Reached skill level 18 in Stealth
   156 | D        | Reached XP level 5. HP: 24/24 MP: 10/10
   156 | D        | Reached XP level 6. HP: 28/28 MP: 11/11
   173 | D        | Learned a level 3 spell: Confusing Touch
   173 | D        | Found an ornate altar of the Wu Jian Council.
   173 | D        | Found a shimmering blue altar of Sif Muna.
   175 | D        | Found a radiant altar of Vehumet.
   182 | D        | Found Jeuw's Book Emporium.
   182 | D        | Found an ancient bone altar of Kikubaaqudgha.
   182 | D        | Found a hazy altar of Hepliaklqana.
   182 | D        | Found a stormy altar of Qazlal.
   182 | D        | Found a hide-covered altar of Uskayaw.
   182 | D        | Found a blossoming altar of Fedhas.
   182 | D        | Found a bloodstained altar of Trog.
   182 | D        | Found an iron altar of Okawaru.
   182 | D        | Found a basalt altar of Yredelemnul.
   182 | D        | Found a glowing golden altar of the Shining One.
   182 | D        | Found a snail-covered altar of Cheibriados.
   182 | D        | Found a sacrificial altar of Ru.
   182 | D        | Found a glowing silver altar of Zin.
   182 | D        | Found a shadowy altar of Dithmenos.
   182 | D        | Found a white marble altar of Elyvilon.
   182 | D        | Noticed a yak
   183 | D        | Found an opulent altar of Gozag.
   184 | D        | Killed a yak
   185 | D        | Found a sparkling altar of Nemelex Xobeh.
   192 | D        | Became a worshipper of Dithmenos the Shadowed
   218 | D        | Noticed Sonja
   222 | D        | Killed Sonja
   223 | D        | Reached skill level 19 in Stealth
   223 | D        | Reached skill level 10 in Hexes
   223 | D        | Reached XP level 7. HP: 32/32 MP: 14/18
   223 | D        | Reached XP level 8. HP: 36/36 MP: 14/19
   258 | D        | Noticed a deep troll
   262 | D        | Killed a deep troll
   263 | D        | Reached skill level 20 in Stealth
   313 | D        | Found a burning altar of Makhleb.
   313 | D        | Found a viscous altar of Jiyva.
   313 | D        | Found a shimmering altar of Xom.
   313 | D        | Found a corrupted altar of Lugonu.
   313 | D        | Noticed a slime creature
   316 | D        | Killed a slime creature
   316 | D        | Reached * piety under Dithmenos
   329 | D        | Noticed a kobold demonologist
   330 | D        | Noticed a kobold demonologist
   332 | D        | Killed a kobold demonologist
   333 | D        | Reached skill level 21 in Stealth
   333 | D        | Reached XP level 9. HP: 39/39 MP: 21/23
   335 | D        | Killed a kobold demonologist
   335 | D        | Reached ** piety under Dithmenos
   342 | D        | Learned a level 3 spell: Tukima's Dance
   343 | D        | Noticed a demonic crawler
   343 | D        | Noticed a demonic crawler
   343 | D        | Noticed a demonic crawler
   343 | D        | Noticed a demonic crawler
   345 | D        | Killed a demonic crawler
   346 | D        | Reached skill level 10 in Spellcasting
   346 | D        | Reached skill level 1 in Invocations
   361 | D        | Slain by a demonic crawler

Illustrated notes

Levels and vault maps discovered:
D:        dungeon_sprint_1 [red_sonja_temple_1, red_sonja_temple_small_1]

Skill      XL: |  1  2  3  4  5  6  7  8  9 |
---------------+----------------------------+-----
Stealth        | 10 14 18 19 21 | 21.8
Spellcasting   | 7 9 10 | 10.0
Hexes          | 10 11 12 | 12.0
Short Blades   | 6 8 |  8.5
Invocations    | 1 |  1.9
Dodging        | |  2.6

Action                   |  1- 3 |  4- 6 |  7- 9 || total
-------------------------+-------+-------+-------++-------
Melee: Dagger            |     3 |     4 |       ||     7
       Short sword       |       |       |     8 ||     8
 Cast: Confusing Touch   |       |       |     2 ||     2
       Corona            |       |       |     2 ||     2
  Use: Potion            |     1 |       |       ||     1
 Stab: Sleeping          |     2 |     4 |     6 ||    12
Armor: Robe              |       |       |     2 ||     2
Dodge: Dodged            |     1 |       |     8 ||     9
